 Dungeon Sprint DCSS version 0.28-a0-691-gad6df49e81 (webtiles) character file.

Game seed: 12390066215322761120

716 jsc133 the Grappler (level 7, -6/79 HPs)
             Began as a Troll Berserker on Oct 20, 2021.
             Was an Initiate of Makhleb.
             Mangled by a red devil (22 damage)
             ... summoned by a kobold demonologist
             ... while paralysed by a floating eye
             ... in the Dungeon (Sprint I: "Red Sonja").
             The game lasted 00:02:01 (114 turns).

jsc133 the Grappler (Troll Berserker)                Turns: 114, Time: 00:02:02

Health: -6/79      AC:  4    Str: 28    XL:     7   Next: 41%
Magic:  6/6        EV:  1    Int:  3    God:    Makhleb [......]
Gold:   216        SH:  0    Dex:  9    Spells: 6/6 levels left

rFire   . . .      SeeInvis .     - Unarmed
rCold   . . .      Faith    .   (no shield)
rNeg    . . .      Spirit   .   a - +0 animal skin
rPois   .          Reflect  .   (helmet restricted)
rElec   .          Harm     .   (no cloak)
rCorr   .          Rampage  .   (gloves unavailable)
Will    .....      NoTele   +   (boots unavailable)
Stlth   +.........              (no amulet)
HPRegen 1.23/turn               (no ring)
MPRegen 0.10/turn               (no ring)

@: paralysed, spiked
A: large, unfitting armour, claws 3, regeneration 1, shaggy fur 1, tough skin 1
a: Renounce Religion


You were in the Dungeon.
You worshipped Makhleb.
Makhleb was noncommittal.
You visited 1 branch You collected 216 gold pieces.

Inventory:

Armour
 a - a +0 animal skin (worn)
Scrolls
 g - a scroll of blinking
Potions
 b - a potion of curing
 c - a potion of heal wounds
 d - a potion of haste
 e - 2 potions of magic
 f - a potion of berserk rage


   Skills:
 + Level 7.9 Fighting
 + Level 8.0 Dodging
 + Level 10.8 Unarmed Combat


You had 6 spell levels left.
You didn't know any spells.
Your spell library was empty.

Dungeon Overview and Level Annotations

Branches:
Dungeon (1/1)

Altars:
Makhleb
Xom
Jiyva
Lugonu


Innate Abilities, Weirdness & Mutations

You are too large for most types of armour.
You have claws for hands.
Your natural rate of healing is unusually fast.
You are covered in fur. (AC +1)
You have tough skin. (AC +1)


Message History

The kobold demonologist gestures wildly while chanting.
The floating eye's stare focuses on you.
There is an open door here.
The kobold demonologist mumbles some strange words.
The floating eye gazes piercingly through you!
You suddenly lose the ability to move!
The kobold demonologist mumbles some strange words.
The floating eye's stare focuses on you.
The kobold demonologist gestures wildly while chanting.
The floating eye gazes piercingly through you!
You shrug off the repeated paralysis!
You can move again.
Unknown command.
Unknown command.
Unknown command.
The floating eye's stare focuses on you.
The soul eater draws from the surrounding life force!
The red devil hits you from afar with a +0 demon trident of electrocution!
* * * LOW HITPOINT WARNING * * *
Barbed spikes become lodged in your body.
There is an open door, spattered with blood here.
The barbs in your skin will harm you if you move.
Continue? [Y]es or [N]o only, please.
The barbs in your skin will harm you if you move.
Continue? [Y]es or [N]o only, please.
The barbs in your skin will harm you if you move.
Continue? [Y]es or [N]o only, please.
The barbs in your skin will harm you if you move.
Continue?
Okay, then.
The barbs in your skin will harm you if you move.
Continue? [Y]es or [N]o only, please.
The barbs in your skin will harm you if you move.
Continue?
Okay, then.
There are monsters nearby!
You claw the floating eye!
The floating eye is almost dead.
The floating eye gazes piercingly through you!
You suddenly lose the ability to move!
The red devil hits you from afar with a +0 demon trident of electrocution!!
You die...

##########################
#<.#..)..#.)'..#_4#K3')..#
#..').#..'..#..@G5'53#.§.#
#..#####+#####+#__####53.+
#..# #### ##### #..# #..#
#⌠⌠# ####


You could see a soul eater (summoned), a kobold demonologist, a smoke demon
(summoned), a red devil (summoned), a floating eye, an iron imp (summoned) and a
crimson imp (summoned).

Vanquished Creatures
  A kobold demonologist (D)
  A slime creature (D)
  Sigmund (D)
  An ogre (D)
  Ijyb (D)
5 creatures vanquished.

Notes
Turn   | Place    | Note
-------+----------+-------------------------------------------
     0 | D        | jsc133 the Troll Berserker began the quest for the Orb.
     0 | D        | Reached XP level 1. HP: 22/22 MP: 0/0
     2 | D        | Noticed Ijyb
     6 | D        | Killed Ijyb
     7 | D        | Reached skill level 4 in Unarmed Combat
     7 | D        | Reached XP level 2. HP: 31/31 MP: 1/1
    10 | D        | Noticed an ogre
    13 | D        | Killed an ogre
    14 | D        | Reached skill level 6 in Unarmed Combat
    14 | D        | Reached XP level 3. HP: 41/41 MP: 2/2
    14 | D        | Reached XP level 4. HP: 49/49 MP: 3/3
    18 | D        | Noticed Sigmund
    26 | D        | Killed Sigmund
    26 | D        | Reached ** piety under Trog
    27 | D        | Reached skill level 8 in Unarmed Combat
    27 | D        | Reached XP level 5. HP: 43/59 MP: 4/4
    47 | D        | Found a burning altar of Makhleb.
    47 | D        | Found a viscous altar of Jiyva.
    47 | D        | Found a shimmering altar of Xom.
    47 | D        | Found a corrupted altar of Lugonu.
    47 | D        | Noticed a slime creature
    53 | D        | Killed a slime creature
    54 | D        | Reached skill level 9 in Unarmed Combat
    54 | D        | Reached XP level 6. HP: 66/71 MP: 5/5
    62 | D        | Fell from the grace of Trog
    62 | D        | Became a worshipper of Makhleb the Destroyer
    76 | D        | Noticed a kobold demonologist
    76 | D        | Noticed a floating eye
    76 | D        | Noticed a kobold demonologist
    80 | D        | Paralysed by a floating eye for 3 turns
    86 | D        | Noticed a smoke demon
    89 | D        | Killed a kobold demonologist
    89 | D        | Paralysed by a floating eye for 4 turns
    90 | D        | Reached skill level 10 in Unarmed Combat
    90 | D        | Reached XP level 7. HP: 77/79 MP: 6/6
   100 | D        | Paralysed by a floating eye for 2 turns
   104 | D        | Noticed a smoke demon
   109 | D        | Paralysed by a floating eye for 3 turns
   110 | D        | Noticed a red devil
   111 | D        | Noticed a soul eater
   113 | D        | Paralysed by a floating eye for 3 turns
   114 | D        | Mangled by a red devil

Illustrated notes

Levels and vault maps discovered:
D:        dungeon_sprint_1 [red_sonja_temple_1, red_sonja_temple_small_1]

Skill      XL: |  1  2  3  4  5  6 |
---------------+-------------------+-----
Fighting       | 3 4 6 7 |  7.9
Dodging        | 3 4 6 7 8 |  8.0
Unarmed Combat | 4 6 8 9 10 | 10.8

Action                   |  1- 3 |  4- 6 |  7- 9 || total
-------------------------+-------+-------+-------++-------
Melee: Unarmed           |     6 |    19 |     7 ||    32
       Punch             |       |     1 |       ||     1
Armor: Animal skin       |     1 |     4 |     6 ||    11
Dodge: Dodged            |     1 |     3 |     4 ||     8

Table legend: (Time is in decaauts)
 A = Elapsed time spent in this place.
 B = Non-inter-level travel time spent in this place.
 C = Inter-level travel time spent in this place.
 D = Time resting spent in this place.
 E = Time spent auto-exploring this place.
 F = Levels seen in this place.
 G = Mean time per level.
                   A        B        C        D        E       F      G
               +--------+--------+--------+--------+--------+-----+--------+
         Total |    109 |    109 |      0 |      0 |      0 |   1 |  109.0 |
       Dungeon |    109 |    109 |      0 |      0 |      0 |   1 |  109.0 |
               +--------+--------+--------+--------+--------+-----+--------+

Top non-repeatable levels by time:
       D: 109 daAuts
